| TOP OF THE 1ST |
|
Minnesota Twins batting - Pitching for Montreal Expos : RHP Jonathan Jackson
|
|
Pitching: RHP Jonathan Jackson
|
|
|
Batting: RHB Greg Harman
|
0-0: Ball 1-0: Swinging Strike 1-1: Swinging Strike 1-2: Foul Ball, location: 2F 1-2: Foul Ball, location: 2F 1-2: Ball 2-2: Strikes out swinging
|
|
Batting: LHB Per Meulengracht
|
0-0: Ball 1-0: Ball 2-0: Bunt - Flyout to 5S! F5
|
|
Batting: RHB Miguel Diaz
|
0-0: Called Strike 0-1: Ball 1-1: Called Strike 1-2: Ball 2-2: Ball 3-2: Base on Balls
|
|
Batting: RHB Miguel Gonzalez
|
0-0: Called Strike 0-1: Foul Ball, location: 2F 0-2: Ball 1-2: Ball 2-2: Fly out, F9 (Line Drive, 9, EV 88.8 MPH)
|
| Top of the 1st over - 0 runs, 0 hits, 0 errors, 1 left on base; Minnesota 0 - Montreal 0 |
| BOTTOM OF THE 1ST |
|
Montreal Expos batting - Pitching for Minnesota Twins : RHP Scott Shank
|
|
Pitching: RHP Scott Shank
|
|
|
Batting: RHB Steve French
|
0-0: Called Strike 0-1: Foul Ball, location: 2F 0-2: Ball 1-2: Ball 2-2: Ball 3-2: SINGLE (Line Drive, 8RS, EV 111.9 MPH)
|
|
Batting: LHB Mark Marvin
|
0-0: Called Strike 0-1: Swinging Strike 0-2: Strikes out swinging
|
|
Batting: RHB Mike Salmon
|
0-0: Ball 1-0: Ball 2-0: Foul Ball, location: 2F 2-1: Foul Ball, location: 2F 2-2: DOUBLE (Line Drive, 8LXD, EV 105.0 MPH) Steve French to third
|
|
Batting: LHB Austin Ohmer
|
0-0: SINGLE (Flyball, 34D, EV 93.8 MPH) Steve French scores Mike Salmon to third
|
|
Batting: RHB John Ham
|
0-0: Called Strike Austin Ohmer steals 2nd base (no throw) 0-1: Swinging Strike 0-2: Ball 1-2: Ball 2-2: Ball 3-2: Fly out, F9 (Flyball, 89S, EV 86.2 MPH)
|
|
Batting: LHB Steve Anderson
|
0-0: Ball 1-0: Foul Ball, location: 2F 1-1: Foul Ball, location: 2F 1-2: Strikes out swinging
|
| Bottom of the 1st over - 1 run, 3 hits, 0 errors, 2 left on base; Minnesota 0 - Montreal 1 |
| TOP OF THE 2ND |
|
Minnesota Twins batting - Pitching for Montreal Expos : RHP Jonathan Jackson
|
|
Batting: LHB Peer Derks
|
0-0: Ball 1-0: Ground out 2-3 (Groundball, 15S, EV 66.9 MPH)
|
|
Batting: LHB Ryan Flynn Jr.
|
0-0: Ball 1-0: Ball 2-0: Called Strike 2-1: Foul Ball, location: 2F 2-2: Ball 3-2: Strikes out looking
|
|
Batting: LHB Ricardo Batista
|
0-0: Called Strike 0-1: Ball 1-1: Ball 2-1: Foul Ball, location: 2F 2-2: Strikes out looking
|
| Top of the 2nd over - 0 runs, 0 hits, 0 errors, 0 left on base; Minnesota 0 - Montreal 1 |
| BOTTOM OF THE 2ND |
|
Montreal Expos batting - Pitching for Minnesota Twins : RHP Scott Shank
|
|
Batting: RHB Eugênio Asceno
|
0-0: Ball 1-0: Foul Ball, location: 2F 1-1: SINGLE (Groundball, 6M, EV 87.5 MPH) (infield hit)
|
|
Batting: LHB Bill McGregor
|
0-0: Ball 1-0: Ball 2-0: Called Strike 2-1: Ball 3-1: Called Strike 3-2: Foul Ball, location: 2F 3-2: Base on Balls Eugênio Asceno to second
|
|
Batting: RHB Robby Juarez
|
0-0: SINGLE (Groundball, 56D, EV 103.1 MPH) Eugênio Asceno to third Bill McGregor to second
|
|
Batting: RHB Steve French
|
0-0: Ball 1-0: Ball 2-0: Called Strike 2-1: Swinging Strike 2-2: Strikes out swinging
|
|
Batting: LHB Mark Marvin
|
0-0: Called Strike 0-1: Swinging Strike 0-2: Fielders Choice at 2nd, 5-4 (Groundball, 56, EV 108.1 MPH) Eugênio Asceno scores Bill McGregor to third
|
|
Batting: RHB Mike Salmon
|
0-0: Called Strike 0-1: Swinging Strike 0-2: Foul Ball, location: 2F 0-2: Strikes out swinging
|
| Bottom of the 2nd over - 1 run, 2 hits, 0 errors, 2 left on base; Minnesota 0 - Montreal 2 |
| TOP OF THE 3RD |
|
Minnesota Twins batting - Pitching for Montreal Expos : RHP Jonathan Jackson
|
|
Batting: RHB Matt Dunn
|
0-0: Called Strike 0-1: Called Strike 0-2: Ball 1-2: Foul Ball, location: 2F 1-2: Foul Ball, location: 2F 1-2: Ball 2-2: Ball 3-2: Strikes out swinging
|
|
Batting: RHB Alex Sandoval
|
0-0: Foul Ball, location: 2F 0-1: Called Strike 0-2: Strikes out swinging, 2-3 out at first.
|
|
Batting: RHB Greg Harman
|
0-0: Ball 1-0: Ball 2-0: Ball 3-0: Base on Balls
|
|
Batting: LHB Per Meulengracht
|
0-0: Called Strike 0-1: Ball 1-1: Swinging Strike 1-2: Strikes out swinging
|
| Top of the 3rd over - 0 runs, 0 hits, 0 errors, 1 left on base; Minnesota 0 - Montreal 2 |
| BOTTOM OF THE 3RD |
|
Montreal Expos batting - Pitching for Minnesota Twins : RHP Scott Shank
|
|
Batting: LHB Austin Ohmer
|
0-0: Ball 1-0: Ball 2-0: Ball 3-0: Base on Balls
|
|
Batting: RHB John Ham
|
0-0: Swinging Strike 0-1: Fly out, F9 (Flyball, 9D, EV 85.0 MPH)
|
|
Batting: LHB Steve Anderson
|
0-0: Ball 1-0: Ball 2-0: Ball 3-0: Base on Balls Austin Ohmer to second
|
|
Batting: RHB Eugênio Asceno
|
0-0: Called Strike 0-1: Fielders Choice at 2nd, 5-4 (Groundball, 5, EV 109.4 MPH) Austin Ohmer to third
|
|
Batting: LHB Bill McGregor
|
0-0: Foul Ball, location: 2F 0-1: SINGLE (Line Drive, 4M, EV 94.4 MPH) Austin Ohmer scores Eugênio Asceno to second Runner from 2nd tries for 3rd, SAFE, throw by CF made to third
|
|
Batting: RHB Robby Juarez
|
0-0: SINGLE (Groundball, 4, EV 97.5 MPH) Eugênio Asceno scores Bill McGregor to second Runner from 2nd tries for 3rd, SAFE, throw by CF made to third
|
|
Batting: RHB Steve French
|
0-0: Called Strike 0-1: Called Strike 0-2: Ball 1-2: DOUBLE (Flyball, 89D, EV 103.1 MPH) Bill McGregor scores Robby Juarez to third Runner from 3rd tries for Home, SAFE, throw by RF to trailing runner, SAFE at third!
|
|
Pitching: RHP Bryan Hallman
|
|
|
Batting: LHB Mark Marvin
|
0-0: Called Strike 0-1: Ball 1-1: Foul Ball, location: 2F 1-2: Foul Ball, location: 2F 1-2: Ball 2-2: Ball 3-2: Strikes out swinging
|
| Bottom of the 3rd over - 4 runs, 3 hits, 0 errors, 1 left on base; Minnesota 0 - Montreal 6 |
| TOP OF THE 4TH |
|
Minnesota Twins batting - Pitching for Montreal Expos : RHP Jonathan Jackson
|
|
Batting: RHB Miguel Diaz
|
0-0: Ball 1-0: Ball 2-0: DOUBLE (Flyball, 7LD, EV 106.9 MPH)
|
|
Batting: RHB Miguel Gonzalez
|
0-0: SINGLE (Flyball, 56D, EV 95.0 MPH) Miguel Diaz to third
|
|
Batting: LHB Peer Derks
|
0-0: Called Strike 0-1: Called Strike 0-2: Strikes out swinging
|
|
Batting: LHB Ryan Flynn Jr.
|
0-0: Ball 1-0: Swinging Strike 1-1: Ball 2-1: Foul Ball, location: 2F 2-2: Ball 3-2: Strikes out swinging
|
|
Batting: LHB Ricardo Batista
|
0-0: Ball 1-0: Called Strike 1-1: Swinging Strike 1-2: Foul Ball, location: 2F 1-2: Ball 2-2: Ball 3-2: Strikes out swinging
|
| Top of the 4th over - 0 runs, 2 hits, 0 errors, 2 left on base; Minnesota 0 - Montreal 6 |
| BOTTOM OF THE 4TH |
|
Montreal Expos batting - Pitching for Minnesota Twins : RHP Bryan Hallman
|
|
Batting: RHB Mike Salmon
|
0-0: Ball 1-0: Foul Ball, location: 2F 1-1: Called Strike 1-2: Ball 2-2: Foul Ball, location: 2F 2-2: Ball 3-2: Fly out, F8 (Flyball, 8RM, EV 93.8 MPH)
|
|
Batting: LHB Austin Ohmer
|
0-0: Foul Ball, location: 2F 0-1: Ball 1-1: Foul Ball, location: 2F 1-2: Ball 2-2: Ball 3-2: Ground out 1-3 (Groundball, 34S, EV 66.2 MPH)
|
|
Batting: RHB John Ham
|
0-0: Fly out, F7 (Flyball, 78S, EV 86.9 MPH)
|
| Bottom of the 4th over - 0 runs, 0 hits, 0 errors, 0 left on base; Minnesota 0 - Montreal 6 |
| TOP OF THE 5TH |
|
Minnesota Twins batting - Pitching for Montreal Expos : RHP Jonathan Jackson
|
|
Batting: RHB Matt Dunn
|
0-0: Ball 1-0: SINGLE (Flyball, 4D, EV 96.9 MPH)
|
|
Batting: RHB Alex Sandoval
|
0-0: Called Strike 0-1: Called Strike 0-2: Strikes out swinging
|
|
Batting: RHB Greg Harman
|
0-0: Foul Ball, location: 2F 0-1: Ball 1-1: Called Strike 1-2: Strikes out swinging
|
|
Batting: LHB Per Meulengracht
|
0-0: Ball 1-0: Called Strike 1-1: Foul Ball, location: 2F 1-2: Foul Ball, location: 2F 1-2: Fly out, F8 (Flyball, 8RD, EV 91.2 MPH)
|
| Top of the 5th over - 0 runs, 1 hit, 0 errors, 1 left on base; Minnesota 0 - Montreal 6 |
| BOTTOM OF THE 5TH |
|
Montreal Expos batting - Pitching for Minnesota Twins : RHP Bryan Hallman
|
|
Batting: LHB Steve Anderson
|
0-0: Called Strike 0-1: Called Strike 0-2: Ball 1-2: Foul Ball, location: 2F 1-2: Ball 2-2: Strikes out swinging
|
|
Batting: RHB Eugênio Asceno
|
0-0: Called Strike 0-1: SINGLE (Groundball, 56S, EV 65.0 MPH) (infield hit)
|
|
Batting: LHB Bill McGregor
|
0-0: Fly out, F9 (Line Drive, 89M, EV 108.1 MPH)
|
|
Batting: RHB Robby Juarez
|
0-0: Called Strike 0-1: Ball 1-1: Fielders Choice at 2nd, 6-4 (Groundball, 6, EV 105.0 MPH)
|
| Bottom of the 5th over - 0 runs, 1 hit, 0 errors, 1 left on base; Minnesota 0 - Montreal 6 |
| TOP OF THE 6TH |
|
Minnesota Twins batting - Pitching for Montreal Expos : RHP Jonathan Jackson
|
|
Batting: RHB Miguel Diaz
|
0-0: Called Strike 0-1: Foul Ball, location: 2F 0-2: Strikes out looking
|
|
Batting: RHB Miguel Gonzalez
|
0-0: Ball 1-0: Swinging Strike 1-1: Ground out 5-3 (Groundball, 5, EV 89.4 MPH)
|
|
Batting: LHB Peer Derks
|
0-0: Called Strike 0-1: Ball 1-1: Ball 2-1: Ball 3-1: Called Strike 3-2: Strikes out looking
|
| Top of the 6th over - 0 runs, 0 hits, 0 errors, 0 left on base; Minnesota 0 - Montreal 6 |
| BOTTOM OF THE 6TH |
|
Montreal Expos batting - Pitching for Minnesota Twins : RHP Bryan Hallman
|
|
Batting: RHB Steve French
|
0-0: Foul Ball, location: 2F 0-1: Ball 1-1: DOUBLE (Flyball, 9LD, EV 93.1 MPH)
|
|
Batting: LHB Mark Marvin
|
0-0: Ball 1-0: Called Strike 1-1: Ball 2-1: Called Strike 2-2: Strikes out looking
|
|
Batting: RHB Mike Salmon
|
0-0: Ball 1-0: Called Strike 1-1: Foul Ball, location: 2F 1-2: Strikes out swinging
|
|
Batting: LHB Austin Ohmer
|
0-0: Called Strike 0-1: Called Strike 0-2: Ball 1-2: Ball 2-2: Ball 3-2: Base on Balls
|
|
Batting: RHB John Ham
|
0-0: Fielders Choice at 2nd, 5-4 (Groundball, 56, EV 94.4 MPH)
|
| Bottom of the 6th over - 0 runs, 1 hit, 0 errors, 2 left on base; Minnesota 0 - Montreal 6 |
| TOP OF THE 7TH |
|
Minnesota Twins batting - Pitching for Montreal Expos : RHP Jonathan Jackson
|
|
Batting: LHB Ryan Flynn Jr.
|
0-0: Ball 1-0: Swinging Strike 1-1: Fly out, F7 (Flyball, 7LM, EV 86.2 MPH)
|
|
Batting: LHB Ricardo Batista
|
0-0: Called Strike 0-1: Foul Ball, location: 2F 0-2: Ball 1-2: Ball 2-2: Foul Ball, location: 2F 2-2: Strikes out swinging
|
|
Batting: RHB Matt Dunn
|
0-0: Foul Ball, location: 2F 0-1: Ground out 6-3 (Groundball, 6, EV 80.6 MPH)
|
| Top of the 7th over - 0 runs, 0 hits, 0 errors, 0 left on base; Minnesota 0 - Montreal 6 |
| BOTTOM OF THE 7TH |
|
Montreal Expos batting - Pitching for Minnesota Twins : RHP Bryan Hallman
|
|
Batting: LHB Steve Anderson
|
0-0: Ball 1-0: Ball 2-0: Ball 3-0: Called Strike 3-1: Base on Balls
|
|
Pitching: LHP Jim Storer
|
|
|
Batting: RHB Eugênio Asceno
|
0-0: Called Strike 0-1: Ball 1-1: Ball 2-1: SINGLE (Groundball, 56D, EV 97.5 MPH) Steve Anderson to second
|
|
Batting: LHB Bill McGregor
|
0-0: Ball Wild Pitch! Steve Anderson to third Eugênio Asceno to second 1-0: Ball 2-0: Ball 3-0: Called Strike 3-1: Called Strike 3-2: Foul Ball, location: 2F 3-2: Reached on error, E4 (Groundball, 4, EV 106.9 MPH) Steve Anderson scores Eugênio Asceno scores
|
|
Pinch Hitting: RHB Nick Sharp
|
0-0: Ball 1-0: Called Strike 1-1: SINGLE (Flyball, 8LS, EV 90.0 MPH) Bill McGregor to third Runner from 3rd tries for Home, SAFE, throw by CF to home
|
|
Batting: RHB Steve French
|
0-0: Ball 1-0: Foul Ball, location: 2F 1-1: Called Strike 1-2: Ball 2-2: Foul Ball, location: 2F 2-2: Ball 3-2: Strikes out swinging
|
|
Batting: LHB Mark Marvin
|
0-0: Swinging Strike 0-1: Ball 1-1: Grounds into double play, 4-6-3 (Groundball, 4, EV 85.6 MPH)
|
| Bottom of the 7th over - 3 runs, 2 hits, 1 error, 0 left on base; Minnesota 0 - Montreal 9 |
| TOP OF THE 8TH |
|
Minnesota Twins batting - Pitching for Montreal Expos : RHP Jonathan Jackson
|
|
Pitching: LHP Kyle Schlosschlonghair
|
|
|
Now at SS: Tommie Eaton
|
|
|
Batting: RHB Alex Sandoval
|
0-0: Called Strike 0-1: Ball 1-1: Ball 2-1: Ball 3-1: Fly out, F9 (Flyball, 9D, EV 98.1 MPH)
|
|
Batting: RHB Greg Harman
|
0-0: Called Strike 0-1: Swinging Strike 0-2: Ball 1-2: Ball 2-2: Ball 3-2: Base on Balls
|
|
Pinch Hitting: LHB Chaim Huting
|
0-0: Called Strike 0-1: Foul Ball, location: 2F 0-2: Ball 1-2: Ball 2-2: Foul Ball, location: 2F 2-2: Strikes out swinging
|
|
Batting: RHB Miguel Diaz
|
0-0: Called Strike 0-1: Swinging Strike 0-2: Strikes out looking
|
| Top of the 8th over - 0 runs, 0 hits, 0 errors, 1 left on base; Minnesota 0 - Montreal 9 |
| BOTTOM OF THE 8TH |
|
Montreal Expos batting - Pitching for Minnesota Twins : LHP Jim Storer
|
|
Now in LF: Chaim Huting
|
|
|
Batting: RHB Mike Salmon
|
0-0: Ball 1-0: Foul Ball, location: 2F 1-1: Reached on error, E4 (Groundball, 4, EV 90.0 MPH)
|
|
Batting: LHB Austin Ohmer
|
0-0: Foul Ball, location: 2F 0-1: Foul Ball, location: 2F 0-2: Strikes out looking
|
|
Batting: RHB John Ham
|
0-0: Ball 1-0: Foul Ball, location: 2F 1-1: Foul Ball, location: 2F 1-2: Ball 2-2: Ball 3-2: Foul Ball, location: 2F 3-2: Foul Ball, location: 2F 3-2: Base on Balls Mike Salmon to second
|
|
Batting: LHB Steve Anderson
|
0-0: Swinging Strike 0-1: Foul Ball, location: 2F 0-2: Foul Ball, location: 2F 0-2: Ball 1-2: Ball 2-2: Foul Ball, location: 2F 2-2: Ball 3-2: SINGLE (Groundball, 4M, EV 105.0 MPH) (infield hit) Mike Salmon to third John Ham to second
|
|
Pitching: RHP Bill Rondeau
|
|
|
Batting: RHB Eugênio Asceno
|
0-0: Fielders Choice at 2nd, 6-4 (Groundball, 6, EV 80.6 MPH) Mike Salmon scores John Ham to third
|
|
Batting: LHB Bill McGregor
|
0-0: Ball 1-0: Called Strike 1-1: Foul Ball, location: 2F 1-2: Strikes out swinging
|
| Bottom of the 8th over - 1 run, 1 hit, 1 error, 2 left on base; Minnesota 0 - Montreal 10 |
| TOP OF THE 9TH |
|
Minnesota Twins batting - Pitching for Montreal Expos : LHP Kyle Schlosschlonghair
|
|
Pinch Hitting: RHB Jesse Scott
|
0-0: Swinging Strike 0-1: Foul Ball, location: 2F 0-2: Strikes out swinging
|
|
Batting: LHB Peer Derks
|
0-0: Called Strike 0-1: Foul Ball, location: 2F 0-2: Strikes out looking
|
|
Batting: LHB Ryan Flynn Jr.
|
0-0: Foul Ball, location: 2F 0-1: Foul Ball, location: 2F 0-2: Ball 1-2: Strikes out swinging, 2-3 out at first.
|
| Top of the 9th over - 0 runs, 0 hits, 0 errors, 0 left on base; Minnesota 0 - Montreal 10 |
|